 Dungeon Crawl Stone Soup version 0.30.1-9-gdf580d7c3d (webtiles) character file.

Game seed: 3618569032098232101

178 Ivernyr the Shield-Bearer (level 5, -6/42 HPs)
             Began as a Formicid Fighter on Oct 7, 2023.
             Splashed by a jelly's acid (9 damage)
             ... on level 4 of the Dungeon.
             The game lasted 00:06:13 (2506 turns).

Ivernyr the Shield-Bearer (Formicid Fighter)        Turns: 2506, Time: 00:06:14

Health: -6/42      AC: -10   Str: 21    XL:     5   Next: 89%
Magic:  5/5        EV:  8    Int:  7    God:
Gold:   167        SH: 14    Dex: 15    Spells: 4/4 levels left

rFire   . . .        a - +0 long sword
rCold   . . .        c - +0 kite shield
rNeg    . . .        b - +0 scale mail
rPois   .            (helmet unavailable)
rElec   .            j - +0 cloak
rCorr   .            n - +0 pair of gloves
SInv    +            (no boots)
Will    .....        k - amulet of reflection Stlth
                     (no ring)
HPRegen 0.27/turn    (no ring)
MPRegen 0.09/turn

%: reflection
@: corroded
A: permanent stasis, dig shafts and tunnels, antennae 3, four strong arms
a: Dig, Shaft Self


You were on level 4 of the Dungeon.
You visited 1 branch of the dungeon, and saw 4 of its levels.

You collected 167 gold pieces.

Inventory:

Hand Weapons
 a - a +0 long sword (weapon)
Armour
 b - a +0 scale mail (worn)
 c - a +0 kite shield (worn)
 j - a +0 cloak (worn)
 n - a +0 pair of gloves (worn)
Jewellery
 k - an amulet of reflection (around neck)
 m - an amulet of regeneration
Scrolls
 e - 3 scrolls of identify {unknown}
 f - 3 scrolls of fear {unknown}
 g - 3 scrolls of teleportation {unknown}
 p - a scroll of poison {unknown}
Potions
 d - a potion of might
 h - a potion of brilliance {unknown}
 i - 2 potions of haste {unknown}
 l - a potion of heal wounds {unknown}
 o - 2 potions of curing
 q - a potion of mutation {unknown}
 r - a potion of attraction {unknown}


   Skills:
 + Level 4.2 Fighting
 * Level 3.8 Long Blades
 + Level 4.1 Armour
 + Level 5.0 Shields


You had 4 spell levels left.
You didn't know any spells.
Your spell library contained the following spells:

 Spells                   Type           Power      Damage    Failure   Level
 Beastly Appendage        Tmut           0%         N/A       95%         1
 Ensorcelled Hibernation  Hex/Ice        0%         N/A       99%         2
 Passwall                 Tmut/Erth      0%         N/A       99%         2
 Scorch                   Fire           0%         2d5       99%         2
 Wereblood                Tmut           0%         N/A       99%         2
 Portal Projectile        Hex/Tloc       0%         N/A       100%        3
 Spider Form              Tmut/Pois      0%         N/A       100%        3
 Tukima's Dance           Hex            0%         N/A       100%        3
 Flame Wave               Conj/Fire      0%         2d4       100%        4
 Manifold Assault         Tloc           0%         N/A       100%        4
 Blade Hands              Tmut           0%         N/A       100%        5
 Dispersal                Tloc           0%         N/A       100%        6
 Summon Cactus Giant      Summ           0%         N/A       100%        6
 Disjunction              Tloc           0%         N/A       100%        8
 Swiftness                Air            Unusable   N/A       N/A         3

Dungeon Overview and Level Annotations

Branches:
Dungeon (4/15)
 Temple: D:4-7

Altars:

Shops:
D:3 (


Innate Abilities, Weirdness & Mutations

You cannot be hasted, slowed, berserked, paralysed or teleported.
You can dig through walls and to a lower floor.
You have a pair of large antennae on your head. (SInv)
Your four strong arms can wield two-handed weapons with a shield.


Message History

a +0 flail; a +0 leather armour; an orc corpse Unknown command.
HP restored.
Found a stone staircase leading up.
You now have 167 gold pieces (gained 6).
You sense a monster nearby.
You pick up a book of Burglary and begin reading...
You add the spells Passwall and Ensorcelled Hibernation to your library.
A jelly comes into view.
The jelly quivers.
You block the jelly's attack.
You hit the jelly. The acid corrodes you!
Your hands burn!
The jelly is lightly wounded.
You block the jelly's attack. The jelly hits you but does no damage.
You hit the jelly but do no damage.
Your hands burn!
You block the jelly's attack.
You hit the jelly but do no damage.
Your hands burn!
You block the jelly's attack.
You hit the jelly. The acid corrodes you!
Your hands burn!
The jelly is moderately wounded.
You block the jelly's attack. The jelly hits you. The acid corrodes you!
You are splashed with acid!
You slash the jelly!
Your hands burn!
The jelly is almost dead.
The jelly hits you. The acid corrodes you!
You are splashed with acid!
* * * LOW HITPOINT WARNING * * *
It was a potion of curing.
You feel better. The jelly barely misses you.
The jelly attacks as you move away! You block the jelly's attack.
The jelly attacks as you move away! The jelly barely misses you.
You hit the jelly.
Your hands burn!
* * * LOW HITPOINT WARNING * * *
The jelly is almost dead.
You block the jelly's attack.
You hit the jelly but do no damage.
Your hands burn!
* * * LOW HITPOINT WARNING * * *
The jelly is almost dead.
The jelly hits you.
* * * LOW HITPOINT WARNING * * *
The acid corrodes you!
You are splashed with acid!
You die...

#.....# #......#####
#.....####........#
#................##
#...............##
#.....# ##.....)###
#.....# #....))#<##
#.....# #.####.#..#
#.....####.####...##
####J@............#
#...###.###....##.#
#...###.###.......#
#...##......##.####
#.......##..##.#
#...###....###.#
#...# #.#### #.#
#...# #.# .# #####
###


You could see a jelly.

Vanquished Creatures
  Terence (D:3)
  7 gnolls
  A worm (D:2)
  2 dart slugs
  6 orcs
  8 ball pythons
  3 endoplasms (D:1)
  3 giant cockroaches
  3 goblins (D:1)
  8 hobgoblins
  4 jackals (D:3)
  3 quokkas
  7 bats
  3 frilled lizards (D:2)
  5 kobolds
  4 rats
68 creatures vanquished.

Notes
Turn   | Place    | Note
-------+----------+-------------------------------------------
     0 | D:1      | Ivernyr the Formicid Fighter began the quest for the Orb.
     0 | D:1      | Reached XP level 1. HP: 18/18 MP: 1/1
    43 | D:1      | Reached XP level 2. HP: 19/24 MP: 2/2
   240 | D:1      | Reached XP level 3. HP: 29/29 MP: 3/3
   926 | D:1      | Found a faded altar of an unknown god.
  1201 | D:2      | Reached XP level 4. HP: 37/37 MP: 4/4
  1842 | D:3      | Reached XP level 5. HP: 39/42 MP: 5/5
  1949 | D:3      | Noticed Terence
  1961 | D:3      | Killed Terence
  2024 | D:3      | Found Zaipuqud's Antique Weapon Shop.
  2401 | D:4      | Reached skill level 5 in Shields
  2501 | D:4      | HP: 2/42 [acid (12)]
  2506 | D:4      | Splashed by a jelly's acid

Illustrated notes

Levels and vault maps discovered:
D:1:      psy_arrival_radial02, layout_loops_ring,
          shapermc_ecumenical_altar_pompeii, minmay_tall_x
D:2:      layout_rooms, nrook_mini_vaults, kennysheep_generic_room_14
D:3:      layout_loops_cross, serial_shops, shop, uniq_terence
D:4:      layout_rooms, minmay_temple_entry_enclosed_plants, uniq_blork_the_orc

Skill      XL: |  1  2  3  4  5 |
---------------+----------------+-----
Long Blades    | 3 |  3.8
Fighting       | 4 |  4.2
Armour         | 4 |  4.1
Shields        | 5 |  5.0

Action                     |  1- 3 |  4- 6 || total
---------------------------+-------+-------++-------
  Melee: Long sword        |    84 |   123 ||   207
    Use: Potion            |       |     1 ||     1
 Armour: Scale mail        |    55 |    41 ||    96
  Dodge: Dodged            |    35 |    41 ||    76
  Block: Buckler           |    25 |       ||    25
         Kite shield       |    17 |   113 ||   130
